 Dungeon Crawl Stone Soup version 0.31-a0-174-g85c54bcb58 (webtiles) character file.

Game seed: 15677691594485587491

533 robbobbor the Grave Robber (level 7, -2/36 HPs)
             Began as a Deep Elf Necromancer on June 16, 2023.
             Was a Follower of Makhleb.
             Slain by a shadow imp (8 damage)
             ... on level 5 of the Dungeon.
             The game lasted 00:38:18 (3611 turns).

robbobbor the Grave Robber (Deep Elf Necromancer)   Turns: 3611, Time: 00:38:19

Health: -2/36      AC:  3    Str:  7    XL:     7   Next: 4%
Magic:  19/19      EV: 13    Int: 20    God:    Makhleb [*.....]
Gold:   211        SH:  0    Dex: 15    Spells: 10/20 levels left

rFire   . . .        u - staff of conjuration
rCold   . . .        (no shield)
rNeg    . . .        a - +0 robe
rPois   .            (no helmet)
rElec   .            d - +0 cloak
rCorr   .            (no gloves)
SInv    .            (no boots)
Will    .....        (no amulet)
Stlth   +++          (no ring)
HPRegen 0.26/turn    (no ring)
MPRegen 0.16/turn

%: no passive effects
@: no status effects
A: no striking features
a: Renounce Religion


You were on level 5 of the Dungeon.
You worshipped Makhleb.
Makhleb was aware of your devotion.
You visited 1 branch of the dungeon, and saw 5 of its levels.

You collected 211 gold pieces.

Inventory:

Hand Weapons
 p - a +0 dagger of venom
Missiles
 l - a throwing net
 n - 4 datura-tipped darts (quivered)
Armour
 a - a +0 robe (worn)
 d - a +0 cloak (worn)
Magical Staves
 u - a staff of conjuration (weapon)
Scrolls
 c - 2 scrolls of fog
 e - 2 scrolls of revelation
 f - a scroll of enchant armour {unknown}
 g - a scroll of brand weapon
 j - a scroll of immolation
 q - a scroll of torment {unknown}
 t - a scroll of vulnerability {unknown}
 v - a scroll of teleportation {unknown}
Potions
 b - a potion of magic
 h - 4 potions of curing
 i - 3 potions of invisibility
 k - a potion of heal wounds {unknown}
 m - 3 potions of attraction {unknown}
 o - 2 potions of resistance {unknown}
 r - a potion of might {unknown}
 s - a potion of haste {unknown}


   Skills:
 * Level 3.5 Dodging
 * Level 4.0 Stealth
 * Level 7.0 Spellcasting
 * Level 7.0 Necromancy
 * Level 0.7 Transmutations
 * Level 0.8 Air Magic
 * Level 0.3 Poison Magic


You had 10 spell levels left.
You knew the following spells:

 Your Spells              Type           Power      Damage    Failure   Level
a - Necrotise             Necr           100%       1d9       1%          1
b - Vampiric Draining     Necr           35%        2d8       1%          3
c - Cigotuvi's Dreadful   Necr/Pois/Air  34%        N/A       4%          2
d - Animate Dead          Necr           35%        N/A       5%          4

Your spell library contained the following spells:

 Spells                   Type           Power      Damage    Failure   Level
 Beastly Appendage        Tmut           18%        N/A       7%          1
 Wereblood                Tmut           9%         N/A       11%         2
 Lesser Beckoning         Tloc           14%        N/A       14%         2
 Agony                    Necr           35%        N/A       14%         5
 Spider Form              Tmut/Pois      9%         N/A       22%         3
 Ignite Poison            Fire/Tmut/Pois 8%         N/A       24%         3
 Gell's Gravitas          Tloc           7%         N/A       28%         3
 Teleport Other           Tloc           7%         N/A       28%         3
 Freezing Cloud           Conj/Ice/Air   6%         6-21      93%         5
 Summon Forest            Summ/Tloc      3%         N/A       95%         5
 Eringya's Noxious Bog    Tmut/Pois      4%         N/A       100%        6
 Summon Hydra             Summ           3%         N/A       100%        7


Dungeon Overview and Level Annotations

Branches:
Dungeon (5/15)
 Temple: D:4-7

Altars:
Makhleb

Annotations:
D:5 Grinder


Message History

You can't see any susceptible monsters within range! (Use Z to cast anyway.)
You closely miss the shadow imp. The shadow imp closely misses you.
The shadow imp misses you.
You hit the shadow imp.
The shadow imp is lightly wounded.
The shadow imp closely misses you.
You hit the shadow imp but do no damage.
The shadow imp is lightly wounded.
The shadow imp closely misses you. The shadow imp hits you.
You hit the shadow imp.
The shadow imp is moderately wounded.
The shadow imp hits you. The shadow imp barely misses you.
You hit the shadow imp but do no damage.
The shadow imp is moderately wounded.
The shadow imp misses you. The shadow imp hits you.
You barely miss the shadow imp.
The shadow imp is moderately wounded.
The shadow imp hits you. x2
You hit the shadow imp but do no damage.
The shadow imp is moderately wounded.
The shadow imp hits you but does no damage.
You hit the shadow imp but do no damage.
The shadow imp is moderately wounded.
The shadow imp hits you. x2
The shadow imp closely misses you.
The shadow imp shouts!
The shadow imp hits you but does no damage.
Things that are here:
a +0 short sword; a +0 leather armour; an orc corpse The shadow imp hits you.
Things that are here:
a +0 dagger; a +0 robe The shadow imp attacks as you move away!
The shadow imp hits you!
* * * LOW HITPOINT WARNING * * *
The orc priest shouts!
There is a stone staircase leading up here.
The shadow imp hits you but does no damage.
The shadow imp hits you!
You die...

... ... .......# ...
....... ...
######.....# ..#
.....#.....##
...........o.........#
.....................#
>....................#
..#....?(.......@...#
..............##5..##
..............#.)###
..............#..#
..#....$...?..#..#
..............#..###
.....###.####......#
................####
###....#######..#


You could see an orc priest and a neutral shadow imp (fast, strong, insane).

Vanquished Creatures
  A scorpion (D:5)
  A jelly (D:5)
  A gnoll bouda (D:5)
  3 hounds
  An iguana (D:4)
  An orc wizard (D:5)
  6 adders
  6 gnolls (D:5)
  A shadow imp (D:5)
  2 ufetubi
  2 dart slugs
  5 orcs
  3 endoplasms
  3 giant cockroaches
  4 goblins
  4 hobgoblins
  3 jackals
  6 kobolds
  3 quokkas
  6 ball pythons
  9 bats
  2 frilled lizards
  4 rats
77 creatures vanquished.

Vanquished Creatures (collateral kills)
  An ogre (D:4)
  2 orcs
3 creatures vanquished.

Grand Total: 80 creatures vanquished

Notes
Turn   | Place    | Note
-------+----------+-------------------------------------------
     0 | D:1      | robbobbor the Deep Elf Necromancer began the quest for the
                  | Orb.
     0 | D:1      | Reached XP level 1. HP: 10/10 MP: 6/6
    32 | D:1      | Reached skill level 5 in Necromancy
   253 | D:1      | Reached XP level 2. HP: 15/15 MP: 6/8
   306 | D:1      | Found a faded altar of an unknown god.
   845 | D:2      | Reached XP level 3. HP: 19/19 MP: 5/9
  1121 | D:2      | Found a burning altar of Makhleb.
  1127 | D:2      | Became a worshipper of Makhleb the Destroyer
  1534 | D:3      | Reached XP level 4. HP: 24/24 MP: 8/12
  2027 | D:4      | Reached * piety under Makhleb
  2028 | D:4      | Reached XP level 5. HP: 28/28 MP: 10/14
  2049 | D:4      | Reached skill level 5 in Spellcasting
  2199 | D:4      | Noticed an ogre
  2224 | D:4      | Killed an ogre
  2225 | D:4      | Reached XP level 6. HP: 32/32 MP: 7/17
  2516 | D:5      | Entered Level 5 of the Dungeon
  2534 | D:5      | Noticed Grinder
  2803 | D:5      | Noticed an ice beast
  3180 | D:4      | Learned a level 3 spell: Vampiric Draining
  3183 | D:4      | Learned a level 2 spell: Cigotuvi's Dreadful Rot
  3188 | D:4      | Learned a level 4 spell: Animate Dead
  3249 | D:5      | Reached XP level 7. HP: 26/36 MP: 7/19
  3611 | D:5      | Slain by a shadow imp

Illustrated notes

Levels and vault maps discovered:
D:1:      spicycebolla_arrival_clurvy, layout_loops_cross,
          hellmonk_ecumenical_altar_blasted
D:2:      layout_loops_ring, basic_altar, corexii_hall_statues_s,
          wander_ebering_terrifying_dragon_lair
D:3:      minmay_spotlight, layout_loops_ring, serial_glass, glass_columns_c,
          glass_columns_b, due_unseen_surprise, ebering_dispersal_statue_hall
D:4:      layout_cave_pools
D:5:      layout_rooms, mainiacjoe_overflow_big_doors,
          chequers_serial_rivers_micro_c, uniq_grinder

Skill      XL: |  1  2  3  4  5  6  7 |
---------------+----------------------+-----
Necromancy     | 5 6 7 |  7.0
Spellcasting   | 4 6 7 |  7.0
Dodging        | 3 |  3.5
Stealth        | 3 4 |  4.0
Transmutations | |  0.7
Air Magic      | |  0.8
Poison Magic   | |  0.3

Action                     |  1- 3 |  4- 6 |  7- 9 || total
---------------------------+-------+-------+-------++-------
  Melee: Dagger            |       |    12 |       ||    12
         Staff             |       |    11 |    18 ||    29
  Throw: Dart              |       |       |     3 ||     3
   Cast: Necrotise         |    61 |   100 |     2 ||   163
    Use: Scroll            |     4 |     1 |       ||     5
         Potion            |       |     2 |     1 ||     3
   Stab: Distracted        |       |       |     1 ||     1
 Armour: Robe              |     3 |    16 |     8 ||    27
  Dodge: Dodged            |     5 |    54 |    14 ||    73

Table legend: (Time is in decaauts)
 A = Elapsed time spent in this place.
 B = Non-inter-level travel time spent in this place.
 C = Inter-level travel time spent in this place.
 D = Time resting spent in this place.
 E = Time spent auto-exploring this place.
 F = Levels seen in this place.
 G = Mean time per level.
                   A        B        C        D        E       F      G
               +--------+--------+--------+--------+--------+-----+--------+
         Total |   3624 |   3298 |    326 |    612 |    603 |   5 |  724.8 |
       Dungeon |   3624 |   3298 |    326 |    612 |    603 |   5 |  724.8 |
               +--------+--------+--------+--------+--------+-----+--------+

Top non-repeatable levels by time:
     D:4: 943 daAuts
     D:3: 893 daAuts
     D:2: 699 daAuts
     D:1: 680 daAuts
     D:5: 409 daAuts
